 Dungeon Crawl Stone Soup version 0.27-a0-1136-g0b992a5a9d (webtiles) character file.

Game seed: 13829214909933389349

99 kae the Chopper (level 4, 0/41 HPs)
             Began as a Hill Orc Fighter on May 4, 2021.
             Slain by Natasha (5 damage)
             ... on level 3 of the Dungeon.
             The game lasted 00:01:06 (2651 turns).

kae the Chopper (Hill Orc Fighter)                  Turns: 2651, Time: 00:01:07

Health: 0/41       AC:  7    Str: 19    XL:     4   Next: 72%
Magic:  4/4        EV: 11    Int:  8    God:
Gold:   75         SH:  9    Dex: 10    Spells: 3/3 levels left

rFire    . . .     SeeInvis .   a - +0 war axe
rCold    . . .     Faith    .   c - +0 kite shield
rNeg     . . .     Spirit   .   b - +0 scale mail
rPois    .         Reflect  .   (no helmet)
rElec    .         Harm     .   (no cloak)
rCorr    .         Rampage  .   (no gloves)
Will     .....                  (no boots)
Stlth    ..........             (no amulet)
HPRegen  0.13/turn              j - +4 ring of evasion
MPRegen  0.09/turn              (no ring)

@: brilliant, flying, slowed, very slow
A: no striking features
a: no special abilities


You were on level 3 of the Dungeon.
You visited 1 branch of the dungeon, and saw 3 of its levels.

You collected 75 gold pieces.

Inventory:

Hand Weapons
 a - a +0 war axe (weapon)
Armour
 b - a +0 scale mail (worn)
 c - a +0 kite shield (worn)
Jewellery
 j - a +4 ring of evasion (left hand)
Scrolls
 g - 2 scrolls of enchant weapon {unknown}
 h - a scroll of amnesia {unknown}
 i - a scroll of identify {unknown}
 l - 3 scrolls of blinking {unknown}
 m - 2 scrolls of enchant armour {unknown}
 n - 3 scrolls of teleportation {unknown}
Potions
 d - a potion of might
 k - a potion of curing {unknown}


   Skills:
 + Level 4.4 Fighting
 * Level 4.8 Axes
 + Level 4.0 Armour
 - Level 3.2 Shields


You had 3 spell levels left.
You didn't know any spells.
Your spell library was empty.

Dungeon Overview and Level Annotations

Branches:
Dungeon (3/15)

Altars:
Fedhas

Annotations:
D:3 Natasha


Message History

You are too injured to fight recklessly!
You are too injured to fight recklessly!
Natasha is nearby!
You are too injured to fight recklessly!
You are too injured to fight recklessly!
You are too injured to fight recklessly!
You are too injured to fight recklessly!
You hit Natasha.
Natasha is moderately wounded.
Natasha barely misses you. Natasha claws you.
You closely miss Natasha.
Natasha is moderately wounded.
Natasha barely misses you. Natasha casts a spell at you.
The magic dart hits you but does no damage.
You miss Natasha.
Natasha is moderately wounded.
You block Natasha's attack. Natasha claws you! Natasha misses you.
You closely miss Natasha.
Natasha is moderately wounded.
Natasha claws you!
* * * LOW HITPOINT WARNING * * *
You block Natasha's attack.
You hit Natasha but do no damage.
Natasha is moderately wounded.
Natasha misses you. Natasha barely misses you.
You barely miss Natasha.
Natasha is lightly wounded.
Natasha claws you.
* * * LOW HITPOINT WARNING * * *
Natasha completely misses you. Natasha barely misses you.
It was a potion of flight.
You feel very buoyant.
You fly up into the air.
Natasha barely misses you.
It was a potion of brilliance.
You feel clever all of a sudden. Natasha casts a spell at you.
You feel as though you will be slow longer.
Natasha claws you.
You die...

.##.###.#######.##############
.##..##.# ###.#######
.###.##.# #.........# ##
#..#.# #.........# ##.#.#
#.........# #...# #.........#
##..# #.........# #..#
#.........# #..# #...@.....#
#..# #...h.....# #.>.
+.........# ##### #.........#
#.........# #.........#
#.........# #.........#


You could see Natasha.

Vanquished Creatures
  5 adders
  A worm (D:2)
  A dart slug (D:1)
  4 orcs (D:2)
  3 ball pythons (D:1)
  3 endoplasms
  3 giant cockroaches
  3 goblins
  2 hobgoblins (D:2)
  A quokka (D:2)
  6 bats
  A frilled lizard (D:3)
  4 kobolds
  10 rats
47 creatures vanquished.

Notes
Turn   | Place    | Note
-------+----------+-------------------------------------------
     0 | D:1      | kae the Hill Orc Fighter began the quest for the Orb.
     0 | D:1      | Reached XP level 1. HP: 19/19 MP: 1/1
   458 | D:1      | Reached XP level 2. HP: 18/27 MP: 2/2
   614 | D:1      | Found a faded altar of an unknown god.
  1271 | D:2      | Reached XP level 3. HP: 14/33 MP: 3/3
  1917 | D:2      | Reached XP level 4. HP: 40/40 MP: 4/4
  2067 | D:2      | Found a blossoming altar of Fedhas.
  2639 | D:3      | Noticed Natasha
  2651 | D:3      | Slain by Natasha

Illustrated notes

Levels and vault maps discovered:
D:1:      minmay_arrival_glassed_features, layout_basic,
          chequers_ecumenical_altar_grove, minmay_misc_feat_four_crosses
D:2:      layout_loops_ring, basic_altar
D:3:      layout_basic, uniq_natasha

Skill      XL: |  1  2  3  4 |
---------------+-------------+-----
Axes           | 3 4 |  4.8
Fighting       | 4 |  4.4
Armour         | 4 |  4.0
Shields        | |  3.2

Action                   |  1- 3 |  4- 6 || total
-------------------------+-------+-------++-------
Melee: War axe           |    88 |    66 ||   154
  Use: Potion            |       |     2 ||     2
Armor: Scale mail        |    49 |    23 ||    72
Dodge: Dodged            |    44 |    36 ||    80
Block: Kite shield       |    58 |    31 ||    89

Table legend: (Time is in decaauts)
 A = Elapsed time spent in this place.
 B = Non-inter-level travel time spent in this place.
 C = Inter-level travel time spent in this place.
 D = Time resting spent in this place.
 E = Time spent auto-exploring this place.
 F = Levels seen in this place.
 G = Mean time per level.
                   A        B        C        D        E       F      G
               +--------+--------+--------+--------+--------+-----+--------+
         Total |   2738 |   2707 |     31 |    347 |   1970 |   3 |  912.7 |
       Dungeon |   2738 |   2707 |     31 |    347 |   1970 |   3 |  912.7 |
               +--------+--------+--------+--------+--------+-----+--------+

Top non-repeatable levels by time:
     D:1: 1176 daAuts
     D:2: 1068 daAuts
     D:3: 493 daAuts
